 Dungeon Crawl Stone Soup version 0.30.0-3-ga4e48a9924 (webtiles) character file.

Game seed: 9924435504717443482

137503 Persephone the Severer (level 17, -11/116 HPs)
             Began as a Gargoyle Fighter on May 7, 2023.
             Was the Champion of the Shining One.
             Shot with a bolt by Vashnia (27 damage)
             ... on level 2 of the Snake Pit.
             The game lasted 01:07:45 (26041 turns).

Persephone the Severer (Gargoyle Fighter)          Turns: 26041, Time: 01:07:45

Health: -11/116    AC: 45    Str: 34    XL:     17   Next: 24%
Magic:  26/26      EV:  7    Int:  9    God:    the Shining One [******]
Gold:   1956       SH: 11    Dex:  9    Spells: 16/16 levels left

rFire   + + .        W - +2 broad axe (freeze)
rCold   + + +        p - +0 buckler
rNeg    + + +        U - +9 scales of the Dragon King {rPois rF+ rC+ Will+}
rPois   ∞            F - +0 hat
rElec   +            R - scarf {repulsion}
rCorr   +            L - +1 pair of gloves of Parlour Games {rElec rF+ rC+ SInv}
SInv    +            i - +0 pair of boots
Will    +++..        S - amulet "Giyl" {Reflect rC+ rCorr SH+5} Stlth
                     X - +6 ring of strength
HPRegen 0.39/turn    Q - ring of willpower
MPRegen 0.20/turn

%: repel missiles, reflection
@: flying, glowing
A: sickness immunity, AC +12, big wings, negative energy resistance 1,
electricity resistance, torment resistance 1, petrification resistance
a: Renounce Religion, Divine Shield, Cleansing Flame, Summon Divine Warrior,
Brand Weapon With Holy Wrath


You were on level 2 of the Snake Pit.
You worshipped the Shining One.
The Shining One was exalted by your worship.
You visited 7 branches of the dungeon, and saw 27 of its levels.
You also visited: Bailey and Gauntlet.

You collected 2694 gold pieces.
You spent 738 gold pieces at shops.

Inventory:

Hand Weapons
 W - a +2 broad axe of freezing (weapon)
Armour
 i - a +0 pair of boots (worn)
 p - a +0 buckler (worn)
 F - a +0 hat (worn)
 L - the +1 pair of gloves of Parlour Games (worn) {rElec rF+ rC+ SInv}
   (You found it in a Gauntlet)

   rF:        It protects you from fire.
   rC:        It protects you from cold.
   rElec:     It insulates you from electricity.
   SInv:      It lets you see invisible.
 R - a scarf of repulsion (worn)
 T - a +0 tower shield
 U - the +9 scales of the Dragon King (worn) {rPois rF+ rC+ Will+}
   (You found it on level 5 of the Lair of Beasts)

   rF:        It protects you from fire.
   rC:        It protects you from cold.
   rPois:     It protects you from poison.
   Will:      It increases your willpower.
Jewellery
 h - an amulet of guardian spirit
 j - the ring of Music {rElec Str-4 Dex+6 SInv Stlth+}
   (You found it on level 5 of the Lair of Beasts)

   [ring of dexterity]

   Str:       It affects your strength (-4).
   Dex:       It affects your dexterity (+6).
   rElec:     It insulates you from electricity.
   SInv:      It lets you see invisible.
   Stlth:     It makes you more stealthy.
 l - a +5 ring of evasion
 A - a ring of see invisible
 G - an amulet of regeneration
 J - a ring of resist corrosion
 Q - a ring of willpower (right hand)
 S - the amulet "Giyl" (around neck) {Reflect rC+ rCorr SH+5}
   (You acquired it on level 4 of the Lair of Beasts)

   [amulet of reflection]

   It reflects blocked missile attacks.
   rC:        It protects you from cold.
   rCorr:     It protects you from acid and corrosion.
   SH:        It affects your SH (+5).
 X - a +6 ring of strength (left hand)
Wands
 e - a wand of charming (12)
 x - a wand of mindburst (20) (quivered)
 y - a wand of iceblast (10)
 E - a wand of flame (59)
 H - a wand of quicksilver (11)
 K - a wand of polymorph (8)
 N - a wand of digging (6)
Scrolls
 c - 2 scrolls of fear
 g - 14 scrolls of teleportation
 m - 9 scrolls of identify
 o - 2 scrolls of immolation
 s - 4 scrolls of magic mapping
 z - 3 scrolls of enchant weapon
 C - a scroll of brand weapon {unknown}
 I - a scroll of enchant armour
 M - 3 scrolls of fog
 Y - a scroll of blinking
Potions
 a - 2 potions of resistance
 b - 7 potions of flight
 d - 3 potions of might
 f - 8 potions of heal wounds
 k - 14 potions of curing
 n - 8 potions of attraction
 q - 3 potions of brilliance
 r - 2 potions of haste
 t - 6 potions of invisibility
 u - 9 potions of mutation
 v - 10 potions of magic
 B - 6 potions of degeneration
 D - 2 potions of cancellation
 P - a potion of ambrosia
 V - 4 potions of lignification
Miscellaneous
 w - a phial of floods
 O - a phantom mirror
 Z - a lightning rod (4/4)


   Skills:
 + Level 16.8 Fighting
 + Level 17.0 Axes
 + Level 13.5 Armour
 + Level 11.6 Shields
 + Level 12.9 Invocations


You had 16 spell levels left.
You didn't know any spells.
Your spell library contained the following spells:

 Spells                   Type           Power      Damage    Failure   Level
 Freeze                   Ice            0%         1d3       99%         1
 Magic Dart               Conj           0%         1d3       99%         1
 Scorch                   Fire           0%         2d5       100%        2
 Searing Ray              Conj           0%         2d4       100%        2
 Wereblood                Tmut           0%         N/A       100%        2
 Frozen Ramparts          Ice            0%         1d1       100%        3
 Hailstorm                Conj/Ice       0%         3d3       100%        3
 Ozocubu's Armour         Ice            0%         N/A       100%        3
 Cause Fear               Hex            0%         N/A       100%        4
 Flame Wave               Conj/Fire      0%         2d4       100%        4
 Fulminant Prism          Conj/Hex       0%         3d5       100%        4
 Ice Form                 Ice/Tmut       0%         N/A       100%        4
 Leda's Liquefaction      Hex/Erth       0%         N/A       100%        4
 Manifold Assault         Tloc           0%         N/A       100%        4
 Petrify                  Tmut/Erth      0%         N/A       100%        4
 Summon Ice Beast         Ice/Summ       0%         N/A       100%        4
 Irradiate                Conj/Tmut      0%         3d11      100%        5
 Metabolic Englaciation   Hex/Ice        0%         N/A       100%        5
 Silence                  Hex/Air        0%         N/A       100%        5
 Dispersal                Tloc           0%         N/A       100%        6
 Simulacrum               Ice/Necr       0%         N/A       100%        6
 Summon Cactus Giant      Summ           0%         N/A       100%        6
 Ozocubu's Refrigeration  Ice            0%         4d7       100%        7
 Summon Hydra             Summ           0%         N/A       100%        7
 Disjunction              Tloc           0%         N/A       100%        8
 Chain Lightning          Conj/Air       0%         N/A       100%        9
 Fire Storm               Conj/Fire      0%         5d1       100%        9
 Shatter                  Erth           0%         3d5*      100%        9
 Sublimation of Blood     Necr           Unusable   N/A       N/A         2

Dungeon Overview and Level Annotations

Branches:
Dungeon (15/15)            Temple (1/1) D:7            Lair (5/5) D:9
  Swamp (0/4) Lair:3        Snake (2/4) Lair:3        Slime (0/5) Lair:5
    Orc (2/2) D:11            Elf (1/3) Orc:2        Vaults (0/5) D:13
 Depths (1/4) D:15         Bailey (visited)         Gauntlet (visited)

Altars:
Ashenzari
Cheibriados
Dithmenos
Elyvilon
Fedhas
Gozag
Hepliaklqana
Kikubaaqudgha
Makhleb
Nemelex Xobeh
Okawaru
Qazlal
Ru
Sif Muna
Trog
Uskayaw
Vehumet
Wu Jian
Xom
Yredelemnul
Zin
The Shining One
Jiyva

Shops:
D:7 [   D:9 [   D:13 (   Orc:1 *=   Orc:2 (:[(*   Depths:1 :(=

Portals:
Abyss: Snake:1

Annotations:
D:9 2 transporters, Esekla's ghost, novice DrWn
D:14 Roxanne
Lair:2 exclusion: oklob plant
Snake:1 2 transporters
Snake:2 Vashnia


Innate Abilities, Weirdness & Mutations

You are immune to sickness and miasma.
Your stone body is resilient. (AC +12)
You are immune to poison.
Your large and strong wings let you fly.
You resist negative energy. (rN+)
You are resistant to electric shocks. (rElec)
You are resistant to unholy torment.
You are immune to petrification.


Message History

The arrow hits the naga sharpshooter!!
The arrow freezes the naga sharpshooter.
Vashnia shoots a bolt.
You block the bolt with an invisible shield... and reflect it back!
The bolt barely misses Vashnia.
You barely miss the naga sharpshooter.
The naga sharpshooter is heavily wounded.
The naga sharpshooter spits poison at you.
You block splash of poison... and reflect it back!
The splash of poison hits the naga sharpshooter.
Vashnia shoots a bolt.
The bolt hits you!! The bolt freezes you.
You slash the naga sharpshooter! You freeze the naga sharpshooter.
The naga sharpshooter is severely wounded.
The naga sharpshooter gestures wildly while chanting.
You slice the naga sharpshooter!! You freeze the naga sharpshooter.
You kill the naga sharpshooter!
Vashnia mumbles some strange words.
Vashnia magically shoots a bolt.
You block the bolt with an invisible shield... and reflect it back!
Things that are here:
a +0 longbow of freezing; a +0 long sword; a naga corpse Vashnia spits poison at you.
The splash of poison hits you but does no damage.
You resist.
Vashnia looks more healthy.
Vashnia shoots a bolt.
The bolt hits you!
You closely miss Vashnia.
Vashnia is moderately wounded.
You slice Vashnia!! You freeze Vashnia.
Vashnia is moderately wounded.
Vashnia shoots a bolt.
The bolt hits you!!
* * * LOW HITPOINT WARNING * * *
You hit Vashnia but do no damage.
Vashnia is moderately wounded.
Vashnia shoots a bolt.
You block the bolt with an invisible shield... and reflect it back!
The bolt closely misses Vashnia.
You slice Vashnia!! You freeze Vashnia.
Vashnia is heavily wounded.
Vashnia shoots a bolt.
The bolt hits you!!
You die...

#..............
#.##........... ..
#........... .#
#........... ##.#
#..........#
##..###.#.......##
#))##.$.#.#######
###.#.......#
#..@#.##.....#
#.##N)##...#..#
... #.###.....[..
#.# #.# #...####.
#. #.# #...# # ..#
#...# ### ...#


You could see Vashnia.

Vanquished Creatures
  Jorgrun (D:14)
  Gastronok (D:9)
  A frost giant (D:15)
  An orc warlord (Orc:1)
  8 very ugly things
  2 vampire knights
  A deep elf annihilator (Elf:1)
  A minotaur (Gauntlet)
  A green death (Gauntlet)
  3 ettins
  8 hydras
  A deep elf high priest (Elf:1)
  Fannar (D:11)
  A spriggan air mage (Depths:1)
  A hell beast (Gauntlet)
  2 ice dragons
  Erica (D:9)
  A rakshasa (D:13)
  An ogre mage (D:15)
  A death knight (D:15)
  4 catoblepae
  2 centaur warriors
  3 boulder beetles
  2 dancing weapons (D:13)
  A deep troll shaman (Lair:5)
  8 two-headed ogres
  3 tengu warriors
  6 death yaks
  6 naga sharpshooters
  6 hell knights (Depths:1)
  6 orc high priests
  A sun demon (D:12)
  2 deep troll earth magi
  2 shock serpents (Snake:1)
  A soul eater (D:12)
  A deep elf knight (Elf:1)
  2 skysharks
  3 deep trolls (D:15)
  A deep elf archer (Elf:1)
  A bog body (Lair:3)
  5 deep elf zephyrmancers (Elf:1)
  Pikel (D:9)
  A naga ritualist (Snake:1)
  4 deep elf pyromancers (Elf:1)
  A necromancer (Depths:1)
  3 orc sorcerers (Orc:2)
  2 phantasmal warriors (D:15)
  2 mana vipers
  4 orc knights
  A cyclops (D:15)
  A harpy (shapeshifter) (D:14)
  A salamander (Lair:3)
  A wolf spider (D:14)
  8 ugly things
  2 manticores (D:13)
  9 elephants
  11 black mambas
  2 gargoyles
  A torpor snail (Lair:5)
  2 rust devils (D:12)
  A naga mage (Snake:1)
  9 cane toads
  2 orange demons
  4 rime drakes
  5 kobold demonologists
  14 komodo dragons
  3 efreet
  An ice devil (D:12)
  3 polar bears
  A red devil (D:12)
  A hornet (shapeshifter) (D:15)
  10 trolls
  24 blink frogs
  16 slime creatures
  A jumping spider (shapeshifter) (D:15)
  A water elemental (Elf:1)
  2 shadows (D:11)
  Sigmund (D:5)
  6 wyverns
  2 vampires
  A wraith (D:12)
  6 basilisks
  51 yaks
  A chaos spawn (D:12)
  11 vampire mosquitoes
  3 wargs
  A neqoxec (D:12)
  2 two-headed ogre zombies (D:11)
  An acid dragon (D:12)
  5 nagas (Snake:1)
  Duvessa (D:6)
  8 water moccasins
  30 orc warriors
  2 sky beasts
  2 ice beasts
  4 black bears
  14 ogres
  21 wolves
  A phantom (D:11)
  6 centaurs
  4 lemures (D:9)
  Blork the orc (D:6)
  A kobold brigand (D:14)
  8 bullfrogs
  2 gnoll sergeants
  2 scorpions
  A troll zombie (D:11)
  Dowan (D:6)
  11 wights (D:8)
  4 killer bees (D:9)
  2 howler monkeys
  An electric eel (Lair:3)
  3 lava snakes (Lair:3)
  3 quasits (D:12)
  6 hounds
  5 jellies
  A gnoll bouda (D:6)
  10 orc priests
  Crazy Yiuf (D:2)
  2 iguanas
  2 sleepcaps
  18 orc wizards
  5 hell rats (Lair:3)
  5 ogre zombies (D:11)
  16 adders
  20 gnolls
  14 white imps
  3 worms
  4 dart slugs
  91 orcs
  9 ball pythons
  5 bats
  7 endoplasms
  2 giant cockroaches
  11 goblins
  6 hobgoblins
  4 quokkas
  8 frilled lizards
  A goblin skeleton (D:11)
  2 goblin zombies (D:11)
  2 hobgoblin skeletons (D:11)
  3 hobgoblin zombies (D:11)
  12 kobolds
  3 orc skeletons (D:11)
  14 orc zombies (D:11)
  4 rats
779 creatures vanquished.

Vanquished Creatures (others)
  A deep elf pyromancer (Elf:1)
  A wizard (D:7)
  7 demonic plants (D:12)
  41 fungi
  31 plants
  24 withered plants (Gauntlet)
105 creatures vanquished.

Grand Total: 884 creatures vanquished

Notes
Turn   | Place    | Note
-------+----------+-------------------------------------------
     0 | D:1      | Persephone the Gargoyle Fighter began the quest for the
                  | Orb.
     0 | D:1      | Reached XP level 1. HP: 14/14 MP: 1/1
    94 | D:1      | Reached XP level 2. HP: 19/19 MP: 2/2
    98 | D:1      | Reached skill level 2 in Axes
   247 | D:1      | Found a faded altar of an unknown god.
   396 | D:1      | Reached XP level 3. HP: 23/23 MP: 3/3
   764 | D:2      | Found a runed translucent door.
   765 | D:2      | Noticed Crazy Yiuf
   805 | D:2      | Killed Crazy Yiuf
   806 | D:2      | Reached XP level 4. HP: 29/29 MP: 4/4
   843 | D:2      | You fall into a shaft and drop 1 floor!
   846 | D:3      | Found a large runed translucent door.
   846 | D:3      | Found a large runed translucent door.
   900 | D:3      | Reached skill level 3 in Axes
  1027 | D:3      | Found an ancient bone altar of Kikubaaqudgha.
  1160 | D:3      | Found a radiant altar of Vehumet.
  1591 | D:3      | Found a stormy altar of Qazlal.
  1601 | D:3      | Found a basalt altar of Yredelemnul.
  1823 | D:2      | Reached XP level 5. HP: 33/33 MP: 5/5
  1876 | D:2      | Found a broken altar of Ashenzari.
  2277 | D:2      | Reached skill level 4 in Axes
  2331 | D:2      | Reached XP level 6. HP: 39/39 MP: 6/6
  2489 | D:4      | Noticed an ice beast
  2499 | D:4      | Killed an ice beast
  2500 | D:4      | Reached skill level 5 in Fighting
  2520 | D:4      | Reached skill level 5 in Axes
  2520 | D:4      | Reached XP level 7. HP: 41/44 MP: 7/7
  3247 | D:5      | Entered Level 5 of the Dungeon
  3263 | D:5      | Reached skill level 6 in Axes
  3393 | D:5      | Reached XP level 8. HP: 14/51 MP: 2/8
  3725 | D:5      | Found a white marble altar of Elyvilon.
  3773 | D:5      | Became a worshipper of Elyvilon the Healer
  3811 | D:5      | Identified the +1 robe of Serendipity {*Corrode rElec rF++
                  | Stlth+}
  3933 | D:5      | Noticed Sigmund
  3946 | D:5      | Killed Sigmund
  3947 | D:5      | Reached skill level 7 in Axes
  4125 | D:6      | Noticed Blork the orc
  4132 | D:6      | Killed Blork the orc
  4270 | D:6      | Noticed Dowan
  4271 | D:6      | Noticed Duvessa
  4286 | D:6      | Reached skill level 8 in Axes
  4306 | D:6      | Killed Duvessa
  4310 | D:6      | Killed Dowan
  4311 | D:6      | Reached XP level 9. HP: 25/58 MP: 4/9
  4437 | D:6      | Reached * piety under Elyvilon
  4622 | D:6      | Found an ornate altar of the Wu Jian Council.
  4856 | D:6      | Reached skill level 9 in Axes
  5202 | D:7      | Reached ** piety under Elyvilon
  5286 | D:7      | Found a bloodstained altar of Trog.
  5287 | D:7      | Noticed a wizard
  5292 | D:7      | Killed a wizard
  5466 | D:7      | Found a staircase to the Ecumenical Temple.
  5513 | Temple   | Entered the Ecumenical Temple
  5518 | Temple   | Fell from the grace of Elyvilon
  5518 | Temple   | Became a worshipper of the Shining One
  5958 | D:7      | Found Ylepp's Antique Armour Shoppe.
  6243 | D:8      | Reached * piety under the Shining One
  6333 | D:8      | Reached skill level 10 in Axes
  6538 | D:8      | Reached ** piety under the Shining One
  6580 | D:8      | Reached XP level 10. HP: 66/66 MP: 10/10
  6635 | D:8      | Noticed a two-headed ogre
  6641 | D:8      | Killed a two-headed ogre
  6889 | D:9      | Noticed Gastronok
  6907 | D:9      | Killed Gastronok
  6908 | D:9      | Reached skill level 10 in Fighting
  6908 | D:9      | Reached skill level 11 in Axes
  6933 | D:9      | Found a transporter.
  6942 | D:9      | Found a staircase to the Lair.
  6943 | D:9      | Found a transporter.
  6943 | D:9      | Noticed a moth of wrath
  6943 | D:9      | Noticed a tengu warrior
  6944 | D:9      | Noticed Esekla's ghost (novice DrWn)
  6950 | D:9      | Found a bloodstained altar of Trog.
  6957 | D:9      | Noticed a two-headed ogre
  6958 | D:9      | Noticed a two-headed ogre
  6959 | D:9      | Noticed a two-headed ogre
  7384 | D:9      | Noticed Erica
  7400 | D:9      | Killed Erica
  7401 | D:9      | Reached skill level 12 in Axes
  7494 | D:9      | Found a broken altar of Ashenzari.
  7603 | D:9      | Found Zile's Antique Armour Boutique.
  7685 | D:9      | Noticed Pikel
  7713 | D:9      | Killed Pikel
  7714 | D:9      | Reached XP level 11. HP: 70/73 MP: 11/11
  7949 | D:10     | Entered Level 10 of the Dungeon
  8093 | D:10     | Found a flagged portal.
  8109 | Bailey   | Entered a bailey
  8543 | D:10     | Found a shadowy altar of Dithmenos.
  8564 | D:10     | Found an iron altar of Okawaru.
  8688 | D:10     | Reached skill level 1 in Invocations
  9172 | D:10     | Reached skill level 13 in Axes
  9172 | D:10     | Reached XP level 12. HP: 81/81 MP: 12/15
  9421 | D:11     | Reached *** piety under the Shining One
  9431 | D:11     | Reached skill level 14 in Axes
  9434 | D:11     | Reached skill level 5 in Invocations
  9473 | D:11     | Noticed a boulder beetle
  9474 | D:11     | Noticed Fannar
  9476 | D:11     | Found a frozen archway.
  9493 | D:11     | Killed Fannar
  9518 | D:11     | Reached **** piety under the Shining One
  9537 | D:11     | Killed a boulder beetle
  9603 | D:11     | Noticed a catoblepas
  9618 | D:11     | Killed a catoblepas
  9671 | D:11     | Found a staircase to the Orcish Mines.
  9688 | D:11     | Reached ***** piety under the Shining One
  9731 | D:11     | Noticed a two-headed ogre
  9741 | D:11     | Killed a two-headed ogre
 10058 | D:12     | Noticed a soul eater
 10083 | D:12     | Killed a soul eater
 10084 | D:12     | Reached XP level 13. HP: 68/87 MP: 14/17
 10138 | D:12     | Found a gate leading to a gauntlet.
 10145 | Gauntlet | Entered a Gauntlet
 10145 | Gauntlet | Found a transporter.
 10154 | Gauntlet | Found a transporter.
 10156 | Gauntlet | Found a transporter.
 10156 | Gauntlet | Found a transporter.
 10159 | Gauntlet | Found a transporter.
 10160 | Gauntlet | Found a transporter.
 10162 | Gauntlet | Noticed a blizzard demon
 10175 | Gauntlet | Found a transporter.
 10177 | Gauntlet | Found a transporter.
 10187 | Gauntlet | Found a transporter.
 10204 | Gauntlet | Found a transporter.
 10208 | Gauntlet | Found a transporter.
 10209 | Gauntlet | Noticed a green death
 10216 | Gauntlet | Found a transporter.
 10404 | Gauntlet | Killed a green death
 10436 | Gauntlet | Identified the +1 pair of gloves of Parlour Games {rElec
                  | rF+ rC+ SInv}
 10613 | Gauntlet | Identified the +3 rapier "Xonov" {heavy, Str+3}
 10613 | Gauntlet | Noticed a minotaur
 10630 | Gauntlet | Killed a minotaur
 10634 | Gauntlet | Got the Cyclopedia of Hexes
 10858 | Lair:1   | Entered Level 1 of the Lair of Beasts
 10917 | Lair:1   | Reached ****** piety under the Shining One
 11666 | Lair:2   | Reached skill level 15 in Axes
 11723 | Lair:2   | Identified the +8 scale mail of a Million Tusks {rF- Str+3}
 12732 | Lair:3   | Reached skill level 5 in Shields
 12758 | Lair:3   | Gained mutation: Your large and strong wings let you fly.
                  | [Gargoyle growth]
 12758 | Lair:3   | Reached XP level 14. HP: 52/95 MP: 19/19
 12902 | Lair:3   | Found a staircase to the Swamp.
 13021 | Lair:3   | Found a staircase to the Snake Pit.
 13704 | Lair:4   | Identified a scroll of acquirement
 13704 | Lair:4   | Acquired the amulet "Giyl" {Reflect rC+ rCorr SH+5}
 13961 | D:7      | Bought a spiked scale mail for 225 gold pieces
 13961 | D:7      | Identified the +1 scale mail of Qazlal's Generosity {rN+
                  | Int+2} (You bought it in a shop on level 7 of the Dungeon)
 14645 | Lair:5   | Entered Level 5 of the Lair of Beasts
 14888 | Lair:5   | Reached skill level 16 in Axes
 15398 | Lair:5   | Found the +9 scales of the Dragon King {rPois rF+ rC+
                  | Will+}
 15438 | Lair:5   | Reached skill level 10 in Armour
 15704 | Lair:5   | Identified the ring of Music {rElec Str-4 Dex+6 SInv
                  | Stlth+}
 16241 | Lair:5   | Reached XP level 15. HP: 79/101 MP: 22/22
 16451 | Lair:5   | Reached skill level 10 in Invocations
 16653 | Lair:5   | Found a viscous altar of Jiyva.
 16654 | Lair:5   | Found a staircase to the Slime Pits.
 17366 | Orc:1    | Entered Level 1 of the Orcish Mines
 17406 | Orc:1    | Found Astridiz's Jewellery Boutique.
 17604 | Orc:1    | Found Taragg's Tempting Trifles.
 17618 | Orc:1    | Bought a +0 tower shield for 63 gold pieces
 17752 | Orc:2    | Entered Level 2 of the Orcish Mines
 17768 | Orc:2    | Noticed an orc warlord
 17792 | Orc:1    | Reached skill level 15 in Fighting
 17794 | Orc:1    | Killed an orc warlord
 18038 | Orc:2    | Found Juzxez's Book Shop.
 18118 | Orc:2    | Found Zemuc's General Store.
 18147 | Orc:2    | Found Xuguibum's Antique Armour Emporium.
 18326 | Orc:2    | Found Luhu's Antique Weapon Boutique.
 18456 | Orc:2    | Found a staircase to the Elven Halls.
 18463 | Orc:2    | Found Sigien's Weapon Boutique.
 19461 | D:12     | Found a radiant altar of Vehumet.
 20089 | D:13     | Found Rissef's Weapon Boutique.
 20481 | D:13     | Found a gate to the Vaults.
 20864 | D:14     | Noticed Roxanne
 20932 | D:14     | Noticed Jorgrun
 20950 | D:14     | Killed Jorgrun
 21298 | D:14     | Found a shadowy altar of Dithmenos.
 21305 | D:14     | Reached XP level 16. HP: 104/109 MP: 24/24
 21818 | D:15     | Entered Level 15 of the Dungeon
 21867 | D:15     | Reached skill level 10 in Shields
 22086 | D:15     | Found a glowing golden altar of the Shining One.
 22639 | D:15     | Found a staircase to the Depths.
 22930 | Orc:1    | Bought a ring of willpower for 450 gold pieces
 22971 | Elf:1    | Entered Level 1 of the Elven Halls
 23490 | Depths:1 | Entered Level 1 of the Depths
 23495 | Depths:1 | Found Yjeco's Book Boutique.
 23495 | Depths:1 | Found Noux's Antique Weapon Shop.
 23499 | Depths:1 | Found Vilor's Jewellery Boutique.
 24719 | Depths:1 | Reached XP level 17. HP: 73/116 MP: 9/26
 25049 | Snake:1  | Entered Level 1 of the Snake Pit
 25370 | Snake:1  | Found a transporter.
 25602 | Snake:1  | Found a transporter.
 25603 | Snake:1  | Found a one-way gate to the infinite horrors of the Abyss.
 25614 | Snake:1  | Reached skill level 17 in Axes
 26022 | Snake:2  | Noticed Vashnia
 26041 | Snake:2  | Shot with a bolt by Vashnia

Illustrated notes

Levels and vault maps discovered:
D:1:      dpeg_arrival_fog, layout_rooms, shapermc_ecumenical_altar_notcrosses,
          nrook_campfire
D:2:      layout_loops_ring, basic_altar, minmay_snake_closets,
          uniq_crazy_yiuf_cottage
D:3:      layout_basic, jmf_multi_god_temple2, kiku_gazebo_pond_becter,
          old_standard_altar
D:4:      layout_loops_cross, minmay_crystal_room
D:5:      layout_basic, old_standard_altar, uniq_sigmund
D:6:      layout_gridville, mainiacjoe_overflow_six_doors_small,
          dreamdust_princess_bridge, kennysheep_generic_room_2,
          uniq_blork_the_orc, uniq_duvessa
D:7:      layout_basic, trog_wizard, minmay_temple_entry_junction, serial_shops,
          shop
D:8:      layout_cave_pools, serial_column_ruins, column_ruins_circle_medium,
          column_ruins_corridor_dead_end, column_ruins_open_tiny,
          column_ruins_corridor_dead_end, column_ruins_open_medium_water
D:9:      layout_basic, nicolae_overflow_crystal_walls, lair_entry_dummy,
          gammafunk_ghost_wrathful_warriors, serial_shops,
          nicolae_shop_hallway_plus, uniq_pikel, uniq_gastronok, uniq_erica
D:10:     layout_long_grid, mainiacjoe_overflow_big_doors, enter_bailey_5,
          nicolae_wand_duel
D:11:     layout_irregular_city, zombieorc2_lemuel, portal_ice_cave_entry_imps,
          hellmonk_bongcloud_opening, chequers_serial_rivers_room_b, uniq_fannar
D:12:     layout_roguey, serial_demonic, serial_demonic_b, serial_demonic_f,
          serial_demonic_g, serial_demonic_g, serial_demonic_f,
          serial_demonic_a, serial_demonic_e, serial_demonic_c,
          serial_demonic_c, serial_demonic_e, gauntlet_entry_generic,
          corexii_corridor_pit, fiery_altar_vehumet
D:13:     layout_long_grid, erik_vaults_1, serial_shops, nicolae_shop_scrapyard
D:14:     layout_loops_ring, special_room [special_room_orc],
          grunt_dithmenos_smoke_and_mirrors, kennysheep_minor_cross,
          lemuel_old_faithful, uniq_roxanne, uniq_jorgrun
D:15:     grunt_enter_depths_snipers, layout_cave_pools, minmay_hedge_maze,
          nicolae_tso_carved_into_rock
Temple:   hellmonk_temple_two_chambers
Lair:1:   layout_regular_city, lemuel_fruit_fields
Lair:2:   nzn_winding_woodlands_three_and_one
          [nzn_winding_woodlands_5x15_parted,
          nzn_winding_woodlands_5x15_river_crossing,
          nzn_winding_woodlands_5x15_split_checker,
          nzn_winding_woodlands_center_pierced_h], layout_chaotic_city
Lair:3:   layout_hall_layers, skrybe_swamp_entry_bodies,
          nicolae_snake_entry_warm_welcome, infiniplex_staircase_pool
Lair:4:   layout_small_grid, infiniplex_staircase_pool_2, serial_bayou_shore_b
Lair:5:   grunt_lair_end_beastmaster, layout_layer_cave,
          minmay_slime_entry_pillars, kennysheep_basilisk_garden
Snake:1:  layout_gridlike, gammafunk_ghost_abyssal_escape, st_stairs_11
Snake:2:  layout_rooms, uniq_vashnia
Orc:1:    layout_caves, serial_shops, nicolae_shop_crystal,
          nicolae_alphabet_shops
Orc:2:    grunt_orc_gardens, layout_diamond_mine, grunt_orc_garden,
          grunt_orc_garden, grunt_orc_garden, grunt_orc_garden, serial_shops,
          nicolae_shop_crystal, nicolae_orc_pool_cavern, lemuel_statue_altar
Elf:1:    minmay_elf_arrival_summoners, layout_loops_corners, serial_shops,
          shop, hangedman_elf_represent
Depths:1: layout_long_grid, enter_ziggurat_b, minmay_misc_feat_diagonals,
          abyss_entry, hell_entry, fedhas_altar_2, minmay_shop_star,
          kennysheep_random_hallway

Skill      XL: |  1  2  3  4  5  6  7  8  9 10 11 12 13 14 15 16 17 |
---------------+----------------------------------------------------+-----
Axes           | 2 3 4 5 6 8 10 12 13 14 15 16 17 | 17.0
Fighting       | 4 5 6 7 9 10 12 13 14 15 16 | 16.8
Armour         | 6 7 8 10 12 13 | 13.5
Invocations    | 4 5 7 9 11 12 | 12.9
Shields        | 5 7 9 11 | 11.6

Action                     |  1- 3 |  4- 6 |  7- 9 | 10-12 | 13-15 | 16-18 || total
---------------------------+-------+-------+-------+-------+-------+-------++-------
  Melee: War axe           |   103 |    70 |    36 |   420 |   914 |       ||  1543
         Hand axe          |       |    82 |   234 |       |       |       ||   316
         Broad axe         |       |       |       |       |   236 |   347 ||   583
 Invoke: Divine Shield     |       |       |       |     1 |     5 |     6 ||    12
         Cleansing Flame   |       |       |       |       |    22 |     6 ||    28
    Use: Scroll            |       |       |    20 |     4 |     9 |     1 ||    34
         Potion            |       |       |       |     1 |     7 |       ||     8
 Armour: Scale mail        |    78 |    59 |       |       |       |       ||   137
         Chain mail        |       |    12 |    71 |       |   113 |       ||   196
         Plate armour      |       |       |    60 |   146 |   177 |       ||   383
         Gold dragon scale |       |       |       |       |   284 |   281 ||   565
  Dodge: Dodged            |    64 |   127 |   215 |   273 |   442 |    72 ||  1193
         Repelled          |       |       |       |       |     2 |     3 ||     5
  Block: Buckler           |    39 |    49 |    54 |   102 |   292 |    46 ||   582
         Reflection        |       |       |       |       |    15 |    25 ||    40
         Tower shield      |       |       |       |       |   376 |   421 ||   797
